BR (22 & UNDER)
PALMYRA OVERLORDS @ CORONADO ECLIPSE
08/29/2029
 
TOP OF THE 1ST
Palmyra Overlords batting - Pitching for Coronado Eclipse : LHP Roy Burke
Pitching: LHP Roy Burke
Batting: LHB Chris Hutchison 0-0: Called Strike
0-1: Ground out 5-3 (Groundball, 56S)
Batting: LHB Claudio Arce 0-0: Ball
1-0: Swinging Strike
1-1: Foul Ball, location: 2F
1-2: SINGLE (Groundball, 6MD)
Batting: RHB Enrico Castro 0-0: Ball
Throwing error on steal attempt, E2
Claudio Arce to third
1-0: Ball
2-0: SINGLE (Groundball, 3) (infield hit)
Claudio Arce scores
Batting: RHB José Gonzáles 0-0: Called Strike
0-1: Ball
1-1: Ball
2-1: Foul Ball, location: 2F
2-2: Grounds into double play, 5-4-3 (Groundball, 56)
Top of the 1st over - 1 run, 2 hits, 1 error, 0 left on base; Palmyra 1 - Coronado 0
BOTTOM OF THE 1ST
Coronado Eclipse batting - Pitching for Palmyra Overlords : LHP Luis Rocha
Pitching: LHP Luis Rocha
Batting: RHB Arturo Franco 0-0: Foul Ball, location: 2F
0-1: Ground out 4-3 (Groundball, 4)
Batting: SHB Luis Sotelo 0-0: Swinging Strike
0-1: Ball
1-1: Foul Ball, location: 2F
1-2: Foul Ball, location: 2F
1-2: Foul Ball, location: 2F
1-2: Ground out 3-1 (Groundball, 34)
Batting: RHB Júlio Serra 0-0: Ball
1-0: Ball
2-0: Ball
3-0: Called Strike
3-1: Called Strike
3-2: Foul Ball, location: 2F
3-2: Foul Ball, location: 2F
3-2: Fly out, F9 (Flyball, 9LMF)
Bottom of the 1st over - 0 runs, 0 hits, 0 errors, 0 left on base; Palmyra 1 - Coronado 0
TOP OF THE 2ND
Palmyra Overlords batting - Pitching for Coronado Eclipse : LHP Roy Burke
Batting: LHB Miguel Gamboa 0-0: Ball
1-0: Ball
2-0: Swinging Strike
2-1: Swinging Strike
2-2: Ball
3-2: Foul Ball, location: 2F
3-2: Strikes out swinging, 2-3 out at first.
Batting: LHB Howard Anderson 0-0: Ball
1-0: Called Strike
1-1: Ground out U3 (Groundball, 34S)
Batting: LHB José Marín 0-0: Called Strike
0-1: Swinging Strike
0-2: Ball
1-2: Foul Ball, location: 2F
1-2: Ball
2-2: Strikes out looking
Top of the 2nd over - 0 runs, 0 hits, 0 errors, 0 left on base; Palmyra 1 - Coronado 0
BOTTOM OF THE 2ND
Coronado Eclipse batting - Pitching for Palmyra Overlords : LHP Luis Rocha
Batting: RHB Ramón Sánchez 0-0: Foul Ball, location: 2F
0-1: Called Strike
0-2: Foul Ball, location: 2F
0-2: Foul Ball, location: 2F
0-2: Ball
1-2: Reached on error, E5 (Groundball, 56S)
Batting: RHB Fred Wagner 0-0: Called Strike
0-1: Foul Ball, location: 2F
0-2: Ball
1-2: Ball
2-2: Strikes out swinging
Batting: LHB Todd Emery 0-0: Ball
1-0: Foul Ball, location: 2F
1-1: Foul Ball, location: 2F
1-2: Foul Ball, location: 2F
1-2: Foul Ball, location: 2F
1-2: Strikes out swinging
Batting: RHB Ricardo Aguilar 0-0: Fly out, F4 (Flyball, 4MD)
Bottom of the 2nd over - 0 runs, 0 hits, 1 error, 1 left on base; Palmyra 1 - Coronado 0
TOP OF THE 3RD
Palmyra Overlords batting - Pitching for Coronado Eclipse : LHP Roy Burke
Batting: RHB Jesús Salazar 0-0: Foul Ball, location: 2F
0-1: Fly out, F9 (Flyball, 89D)
Batting: RHB Rafael Castro 0-0: Called Strike
0-1: Swinging Strike
0-2: Ball
1-2: Ball
2-2: Ball
3-2: Foul Ball, location: 2F
3-2: Foul Ball, location: 2F
3-2: Strikes out swinging
Batting: LHB Chris Hutchison 0-0: Ball
1-0: Foul Ball, location: 2F
1-1: Called Strike
1-2: Ground out 6-3 (Groundball, 6)
Top of the 3rd over - 0 runs, 0 hits, 0 errors, 0 left on base; Palmyra 1 - Coronado 0
BOTTOM OF THE 3RD
Coronado Eclipse batting - Pitching for Palmyra Overlords : LHP Luis Rocha
Batting: LHB Robby Bland 0-0: Ball
1-0: Called Strike
1-1: Called Strike
1-2: Strikes out looking
Batting: LHB António Ramírez 0-0: Ball
1-0: Called Strike
1-1: Fly out, F6 (Popup, 5D)
Batting: RHB Arturo Franco 0-0: Foul Ball, location: 2F
0-1: Called Strike
0-2: DOUBLE (Line Drive, 78M)
Batting: SHB Luis Sotelo 0-0: Called Strike
0-1: Ball
1-1: Ground out 5-3 (Groundball, 56)
Bottom of the 3rd over - 0 runs, 1 hit, 0 errors, 1 left on base; Palmyra 1 - Coronado 0
TOP OF THE 4TH
Palmyra Overlords batting - Pitching for Coronado Eclipse : LHP Roy Burke
Batting: LHB Claudio Arce 0-0: Ball
1-0: Ball
2-0: Bunt for hit - play at first, batter OUT! 1-3
Batting: RHB Enrico Castro 0-0: Called Strike
0-1: Called Strike
0-2: Ball
1-2: Strikes out swinging
Batting: RHB José Gonzáles 0-0: Ball
1-0: Called Strike
1-1: Called Strike
1-2: Ground out 1-3 (Groundball, 13S)
Top of the 4th over - 0 runs, 0 hits, 0 errors, 0 left on base; Palmyra 1 - Coronado 0
BOTTOM OF THE 4TH
Coronado Eclipse batting - Pitching for Palmyra Overlords : LHP Luis Rocha
Batting: RHB Júlio Serra 0-0: Foul Ball, location: 2F
0-1: Foul Ball, location: 2F
0-2: Foul Ball, location: 2F
0-2: SINGLE (Line Drive, 7)
Batting: RHB Ramón Sánchez 0-0: Ball
1-0: Called Strike
1-1: Ball
2-1: Foul Ball, location: 2F
2-2: Ball
3-2: Strikes out swinging
Throwing error on steal attempt, E2
Júlio Serra to third
Batting: RHB Fred Wagner 0-0: Foul Ball, location: 2F
0-1: Ball
1-1: Swinging Strike
1-2: Foul Ball, location: 2F
1-2: Strikes out looking
Batting: LHB Todd Emery 0-0: Called Strike
0-1: Ball
1-1: Swinging Strike
1-2: Ball
2-2: Foul Ball, location: 2F
2-2: Ball
3-2: DOUBLE (Line Drive, 7LM)
Júlio Serra scores
Batting: RHB Ricardo Aguilar 0-0: Ball
1-0: Ball
2-0: SINGLE (Line Drive, 56D)
Todd Emery to third
Runner from 3rd tries for Home, SAFE, no throw
Batting: LHB Robby Bland 0-0: Called Strike
0-1: Ball
1-1: Ball
2-1: Ball
3-1: Base on Balls
Ricardo Aguilar to second
Batting: LHB António Ramírez 0-0: Ball
1-0: Ball
2-0: Called Strike
2-1: Ball
3-1: Base on Balls
Ricardo Aguilar to third
Robby Bland to second
Batting: RHB Arturo Franco 0-0: Ball
1-0: Swinging Strike
1-1: Called Strike
1-2: Ball
2-2: Ball
3-2: Foul Ball, location: 2F
3-2: Fly out, F6 (Popup, 6S)
Bottom of the 4th over - 2 runs, 3 hits, 1 error, 3 left on base; Palmyra 1 - Coronado 2
TOP OF THE 5TH
Palmyra Overlords batting - Pitching for Coronado Eclipse : LHP Roy Burke
Batting: LHB Miguel Gamboa 0-0: Ball
1-0: Called Strike
1-1: Called Strike
1-2: Ball
2-2: Foul Ball, location: 2F
2-2: Strikes out looking
Batting: LHB Howard Anderson 0-0: SINGLE (Flyball, 7S)
Batting: LHB José Marín 0-0: Swinging Strike
0-1: Fly out, F7 (Flyball, 78D)
Batting: RHB Jesús Salazar 0-0: Ball
1-0: Called Strike
1-1: Ground out 4-3 (Groundball, 4M)
Top of the 5th over - 0 runs, 1 hit, 0 errors, 1 left on base; Palmyra 1 - Coronado 2
BOTTOM OF THE 5TH
Coronado Eclipse batting - Pitching for Palmyra Overlords : LHP Luis Rocha
Batting: SHB Luis Sotelo 0-0: Ball
1-0: Ball
2-0: Swinging Strike
2-1: Ball
3-1: Base on Balls
Batting: RHB Júlio Serra 0-0: Called Strike
0-1: Ground out 3-1 (Groundball, 23)
Luis Sotelo to second
Batting: RHB Ramón Sánchez 0-0: Called Strike
0-1: Ball
1-1: Fly out, F8 (Flyball, 89D)
Runner from 2nd tags up, SAFE at 3rd, no throw
Batting: RHB Fred Wagner 0-0: Called Strike
0-1: Called Strike
0-2: Ball
1-2: Foul Ball, location: 2F
1-2: Strikes out swinging
Bottom of the 5th over - 0 runs, 0 hits, 0 errors, 1 left on base; Palmyra 1 - Coronado 2
TOP OF THE 6TH
Palmyra Overlords batting - Pitching for Coronado Eclipse : LHP Roy Burke
Batting: RHB Rafael Castro 0-0: Called Strike
0-1: Ball
1-1: Foul Ball, location: 2F
1-2: Foul Ball, location: 2F
1-2: Strikes out swinging, 2-3 out at first.
Batting: LHB Chris Hutchison 0-0: Ball
1-0: Fly out, F8 (Flyball, 8LD)
Batting: LHB Claudio Arce 0-0: Ball
1-0: Ground out U3 (Groundball, 3)
Top of the 6th over - 0 runs, 0 hits, 0 errors, 0 left on base; Palmyra 1 - Coronado 2
BOTTOM OF THE 6TH
Coronado Eclipse batting - Pitching for Palmyra Overlords : LHP Luis Rocha
Pitching: LHP José Sánchez
Batting: LHB Todd Emery 0-0: Ball
1-0: SINGLE (Line Drive, 6MD)
Batting: RHB Ricardo Aguilar 0-0: Called Strike
0-1: Ball
Todd Emery steals 2nd base
1-1: Called Strike
1-2: Foul Ball, location: 2F
1-2: Fly out, F7 (Flyball, 7)
Batting: LHB Robby Bland 0-0: Intentional Walk
Batting: LHB António Ramírez 0-0: Fly out, F6 (Line Drive, 6M)
Batting: RHB Arturo Franco 0-0: Called Strike
0-1: Foul Ball, location: 2F
0-2: Ball
1-2: Foul Ball, location: 2F
1-2: SINGLE (Line Drive, 78S)
Todd Emery to third
Robby Bland to second
Runner from 3rd tries for Home, SAFE, no throw
Batting: SHB Luis Sotelo 0-0: Foul Ball, location: 2F
0-1: Foul Ball, location: 2F
0-2: Strikes out looking
Bottom of the 6th over - 1 run, 2 hits, 0 errors, 2 left on base; Palmyra 1 - Coronado 3
TOP OF THE 7TH
Palmyra Overlords batting - Pitching for Coronado Eclipse : LHP Roy Burke
Batting: RHB Enrico Castro 0-0: Ball
1-0: Fly out, F8 (Flyball, 8RD)
Batting: RHB José Gonzáles 0-0: Ball
1-0: Called Strike
1-1: Ball
2-1: Ball
3-1: Ground out 5-3 (Groundball, 56)
Batting: LHB Miguel Gamboa 0-0: Called Strike
0-1: Ball
1-1: Called Strike
1-2: Ball
2-2: Foul Ball, location: 2F
2-2: Fly out, F9 (Flyball, 9D)
Top of the 7th over - 0 runs, 0 hits, 0 errors, 0 left on base; Palmyra 1 - Coronado 3
BOTTOM OF THE 7TH
Coronado Eclipse batting - Pitching for Palmyra Overlords : LHP José Sánchez
Batting: RHB Júlio Serra 0-0: Ball
1-0: Called Strike
1-1: Ball
2-1: Ground out 1-3 (Groundball, P)
Batting: RHB Ramón Sánchez 0-0: Ball
1-0: Foul Ball, location: 2F
1-1: Ball
2-1: Called Strike
2-2: Strikes out looking
Batting: RHB Fred Wagner 0-0: Ball
1-0: Ball
2-0: Called Strike
2-1: Ball
3-1: Called Strike
3-2: Fly out, F4 (Popup, 34S)
Bottom of the 7th over - 0 runs, 0 hits, 0 errors, 0 left on base; Palmyra 1 - Coronado 3
TOP OF THE 8TH
Palmyra Overlords batting - Pitching for Coronado Eclipse : LHP Roy Burke
Pitching: LHP Luis Rincón
Batting: LHB Howard Anderson 0-0: Fly out, F7 (Flyball, 7S)
Batting: LHB José Marín 0-0: Fly out, F6 (Line Drive, 6)
Batting: RHB Jesús Salazar 0-0: Ball
1-0: Fly out, F8 (Flyball, 89M)
Top of the 8th over - 0 runs, 0 hits, 0 errors, 0 left on base; Palmyra 1 - Coronado 3
BOTTOM OF THE 8TH
Coronado Eclipse batting - Pitching for Palmyra Overlords : LHP José Sánchez
Batting: LHB Todd Emery 0-0: Swinging Strike
0-1: Ball
1-1: Ball
2-1: Swinging Strike
2-2: Foul Ball, location: 2F
2-2: SOLO HOME RUN (Flyball, 9D), Distance : 388 ft
Pitching: RHP José Ortega
Batting: RHB Ricardo Aguilar 0-0: Ball
1-0: Called Strike
1-1: Ground out 4-3 (Groundball, 4)
Batting: LHB Robby Bland 0-0: Ground out 4-3 (Groundball, 4)
Batting: LHB António Ramírez 0-0: Called Strike
0-1: Swinging Strike
0-2: Ball
1-2: Ball
2-2: Foul Ball, location: 2F
2-2: Ball
3-2: Fly out, F8 (Line Drive, 8RM)
Bottom of the 8th over - 1 run, 1 hit, 0 errors, 0 left on base; Palmyra 1 - Coronado 4
TOP OF THE 9TH
Palmyra Overlords batting - Pitching for Coronado Eclipse : LHP Luis Rincón
Pitching: RHP Juan Ríos
Batting: RHB Rafael Castro 0-0: Bunt for hit - play at first, batter OUT! 1-3
Batting: LHB Chris Hutchison 0-0: Ball
1-0: Swinging Strike
1-1: Foul Ball, location: 2F
1-2: Foul Ball, location: 2F
1-2: Strikes out swinging
Batting: LHB Claudio Arce 0-0: Ball
1-0: Called Strike
1-1: Ball
2-1: Foul Ball, location: 2F
2-2: Strikes out swinging
Top of the 9th over - 0 runs, 0 hits, 0 errors, 0 left on base; Palmyra 1 - Coronado 4
Saturday, December 16th, 2017 - OOTP Baseball 18.8 Build 76